 Dungeon Crawl Stone Soup version 0.15-a0-1675-g4580af5 (webtiles) character file.

11963 Raurakos the Carver (level 11, -5/61 HPs)
             Began as a High Elf Wizard on June 23, 2014.
             Was a Priest of Sif Muna.
             Slain by a seven-headed hydra (16 damage)
             ... on Level 3 of the Lair of Beasts on June 24, 2014.
             The game lasted 02:08:54 (17431 turns).

Raurakos the Carver (High Elf Wizard)              Turns: 17431, Time: 02:08:55

HP  -5/61        AC 11     Str  6      XL: 11   Next: 56%
MP  29/31        EV 18     Int 24      God: Sif Muna [***...]
Gold 426         SH  5     Dex 16      Spells:  5 memorised, 18 levels left

rFire  + . .     SeeInvis .     y - +0 lightning rod (11/11)
rCold  . . .     Clarity  .     F - +1 leather armour
rNeg   + . .     rCorr    .     G - +1 buckler {AC+3}
rPois  .         rRot     .     Z - +0 helmet
rElec  .         Spirit   .     J - +0 cloak
SustAb .         Warding  +     i - +1 pair of gloves
rMut   .         Stasis   .     (no boots)
Gourm  .                        T - amulet of warding
MR     +....                    Q - ring of protection from fire
                                R - ring of wizardry

@: somewhat resistant to hostile enchantments, very unstealthy
A: repulsion field 1
a: Channel Energy, Forget Spell, Renounce Religion


You were on level 3 of the Lair of Beasts.
You worshipped Sif Muna.
Sif Muna was most pleased with you.
You were very hungry.

You visited 3 branches of the dungeon, and saw 15 of its levels.

You collected 657 gold pieces.
You spent 231 gold pieces at shops.

Inventory:

Hand weapons
 a - a +1 scimitar
 b - a +2 blowgun
 x - a +0 falchion of flaming
Missiles
 h - 44 stones (quivered)
 z - 43 poisoned needles
Armour
 i - a +1 pair of gloves (worn)
 F - a +1 leather armour (worn)
 G - a +1 buckler of protection (worn)
 J - a +0 cloak (worn)
 Z - a +0 helmet (worn)
Magical devices
 t - a wand of magic darts (19) {unknown}
 K - a wand of heal wounds (4)
 L - a wand of paralysis (8)
 O - a wand of digging (21)
 S - a wand of heal wounds (6)
Comestibles
 d - 15 bread rations
 f - a meat ration
Scrolls
 k - a scroll of blinking
 l - 7 scrolls of teleportation
 n - 2 scrolls of fear
 o - 7 scrolls of remove curse
 C - a scroll of fog
 D - 2 scrolls of magic mapping
 U - a scroll of holy word {unknown}
 X - a scroll of acquirement {unknown}
Jewellery
 s - an uncursed ring of ice
 H - an uncursed amulet of resist corrosion
 Q - a ring of protection from fire (right hand)
 R - a ring of wizardry (left hand)
 T - an amulet of warding (around neck)
Potions
 e - 4 potions of curing
 g - 5 potions of heal wounds
 j - 2 potions of agility
 m - 2 potions of restore abilities
 p - 2 potions of magic
 q - a potion of haste
 r - a potion of degeneration {unknown}
 E - a potion of brilliance
 I - a potion of flight
 M - a potion of mutation {unknown}
 N - a potion of cure mutation {unknown}
 P - 4 potions of resistance {unknown}
Rods
 y - a +0 lightning rod (11/11) (weapon)
   (You found it on level 2 of the Lair of Beasts)


   Skills:
 + Level 12.1 Long Blades
 - Level 10.0 Dodging
 - Level 2.1 Stealth
 + Level 2.0 Shields
 - Level 10.0 Spellcasting
 - Level 9.1 Conjurations
 - Level 0.8 Summonings
 - Level 4.0 Translocations


You had 18 spell levels left.
You knew the following spells:

 Your Spells              Type           Power        Failure   Level  Hunger
a - Magic Dart            Conj           ####         1%          1    None
b - Blink                 Tloc           N/A          1%          2    None
c - Call Imp              Summ           ###.....     4%          2    None
d - Mephitic Cloud        Conj/Pois/Air  ####....     4%          3    None
e - Iskenderun's Mystic   Conj           ######..     1%          4    #......


Dungeon Overview and Level Annotations

Branches:
Dungeon (11/15)            Temple (1/1) D:5            Lair (3/8) D:11
  Snake (0/5) Lair:3
    Orc: D:9-12       Swamp: Lair:3-6    Shoals: Lair:3-6    Spider: Lair:3-6

Altars:
Ashenzari
Cheibriados
Dithmenos
Elyvilon
Fedhas
Gozag
Kikubaaqudgha
Makhleb
Nemelex Xobeh
Okawaru
Qazlal
Sif Muna
Trog
Vehumet
Xom
Yredelemnul
Zin
The Shining One

Shops:
D:5 :   D:7 }   D:8 }   D:10 [%%(*

Annotations:
D:11 exclusion: door, Urug
Lair:1 exclusion: hydra
Lair:3 exclusion: 3 nagas


Innate Abilities, Weirdness & Mutations

You are surrounded by a mild repulsion field (EV +2).


Message History

Moving in this stuff is going to be slow.
All of the chunks of flesh in your inventory have completely rotted away.
Found a long sword.
You enter the shallow water.
Moving in this stuff is going to be slow.
The seven-headed hydra roars!
The seven-headed hydra is too close now for your liking.
The seven-headed hydra bites you but does no damage.
The seven-headed hydra bites you! The seven-headed hydra bites you.
The seven-headed hydra bites you! x2
The seven-headed hydra closely misses you.
The seven-headed hydra bites you but does no damage.
Casting: Call Imp
Confirm with . or Enter, or press ? or * to list all spells.
You blink.
Splash!
The seven-headed hydra bites you!
* * * LOW HITPOINT WARNING * * *
The seven-headed hydra bites you!
You die...

.P###........P..≈P≈≈≈≈♣♣♣.....#..
## ##.#..............≈≈PP........
#......................#......
#P..♣♣≈PP....≈.........###..#.
##P≈≈≈≈≈P≈≈P≈≈P≈≈≈.≈..## #####
♣♣≈P≈≈≈≈≈≈P≈P≈≈≈≈≈≈...# # #
#♣.≈≈P≈≈≈≈≈≈≈≈≈≈≈P≈...P### ##
.###P..♣♣♣≈≈≈≈≈≈≈≈P≈≈.....P.####.
.........♣♣♣≈≈≈≈@≈≈≈≈P...........
.###..###.#≈#♣≈D♣≈≈≈♣#.##.#######
..#.### ######§♣♣♣P♣♣..##### #
...## #≈.≈#≈♣#♣..#...###### #.##
#)..## #............ #.##
##.#.####.....#.##.#. #..#
##..##.##...####..### #.##
#..##.##....# ##.... #.##
##..........# #..##


You could see a seven-headed hydra.

Vanquished Creatures
  A hydra (Lair:2)
  A hill giant (D:11)
  4 elephants (Lair:2)
  2 black mambas (Lair:2)
  2 spiny frogs (Lair:2)
  A komodo dragon (Lair:2)
  A troll (D:11)
  A two-headed ogre (D:8)
  A human (D:9)
  10 yaks
  5 wolves (Lair:1)
  A hungry ghost (D:9)
  4 hippogriffs (Lair:2)
  2 ice beasts
  2 sky beasts
  6 water moccasins
  3 orc warriors
  A porcupine (Lair:2)
  6 ogres
  3 phantoms
  A centaur (D:8)
  3 crocodiles (Lair:2)
  A big kobold (D:7)
  Blork the orc (D:6)
  7 giant frogs
  A troll zombie (D:7)
  2 scorpions
  A troll skeleton (D:9)
  A wight (D:11)
  4 crimson imps
  6 orc wizards
  2 jellies
  Crazy Yiuf (D:7)
  3 orc priests
  7 hounds
  9 worker ants
  4 iguanas
  A killer bee zombie (D:5)
  Ijyb (D:3)
  A crocodile zombie (D:8)
  A crocodile skeleton (D:9)
  A hound zombie (D:9)
  6 gnolls
  A gnoll zombie (D:6)
  5 adders
  A scorpion zombie (D:7)
  2 shadow imps
  8 green rats
  A giant mite (D:7)
  6 worms
  An adder zombie (D:7)
  An orc zombie (D:6)
  An iguana zombie (D:6)
  8 giant geckos
  3 oozes
  33 orcs
  3 ball pythons
  A bat zombie (D:6)
  10 giant cockroaches
  18 goblins
  14 hobgoblins
  3 jackals (D:4)
  18 kobolds
  9 quokkas
  12 bats
  A giant gecko zombie (D:7)
  7 giant newts
  A goblin skeleton (D:4)
  A hobgoblin zombie (D:9)
  12 rats
  A rat zombie (D:5)
304 creatures vanquished.

Vanquished Creatures (collateral kills)
  2 basilisks
  A crocodile (Lair:1)
  An iguana (Lair:1)
4 creatures vanquished.

Vanquished Creatures (others)
  3 crimson imps
  An orc priest (D:10)
  An orc wizard (D:10)
  A shadow imp (Lair:3)
  A white imp (Lair:3)
  2 orcs (D:10)
  A quokka (D:9)
10 creatures vanquished.

Grand Total: 318 creatures vanquished

Notes
Turn   | Place    | Note
--------------------------------------------------------------
     0 | D:1      | Raurakos, the High Elf Wizard, began the quest for the Orb.
     0 | D:1      | Reached XP level 1. HP: 11/11 MP: 5/5
   374 | D:1      | Reached XP level 2. HP: 17/17 MP: 2/7
   378 | D:1      | Learned a level 2 spell: Blink
   381 | D:1      | Learned a level 2 spell: Call Imp
   434 | D:1      | Reached skill level 4 in Spellcasting
  1116 | D:1      | Reached XP level 3. HP: 21/21 MP: 0/11
  1121 | D:1      | Learned a level 3 spell: Mephitic Cloud
  2100 | D:2      | Reached XP level 4. HP: 27/27 MP: 13/15
  2583 | D:3      | Reached skill level 5 in Spellcasting
  2685 | D:3      | Reached XP level 5. HP: 31/31 MP: 7/18
  2931 | D:3      | Found an opulent altar of Gozag.
  3147 | D:3      | Noticed Ijyb
  3153 | D:3      | Killed Ijyb
  3325 | D:3      | Noticed an ogre
  3336 | D:3      | Killed an ogre
  3336 | D:3      | Reached skill level 6 in Spellcasting
  3336 | D:3      | Reached XP level 6. HP: 30/36 MP: 5/21
  4104 | D:4      | Reached skill level 1 in Long Blades
  4104 | D:4      | Reached skill level 5 in Conjurations
  4556 | D:5      | Entered Level 5 of the Dungeon
  4594 | D:5      | Found Zobiot's Book Boutique.
  4711 | D:5      | Reached XP level 7. HP: 28/41 MP: 2/23
  5129 | D:5      | Found a staircase to the Ecumenical Temple.
  5141 | Temple   | Entered the Ecumenical Temple
  5188 | Temple   | Became a worshipper of Sif Muna the Loreminder
  5397 | D:5      | Found a bloodstained altar of Trog.
  6307 | D:6      | Reached skill level 5 in Long Blades
  6398 | D:6      | Noticed a yak
  6401 | D:6      | Noticed a yak
  6486 | D:6      | Reached skill level 7 in Conjurations
  6889 | D:6      | Reached XP level 8. HP: 41/46 MP: 13/24
  7052 | D:6      | Noticed a yak
  7059 | D:6      | Killed a yak
  7290 | D:6      | Acquired Sif Muna's first power
  7290 | D:6      | Reached skill level 8 in Conjurations
  7617 | D:7      | Found Moiti's Gadget Shop.
  8361 | D:6      | Noticed Blork the orc
  8381 | D:6      | Killed Blork the orc
  8634 | D:7      | Found an iron altar of Okawaru.
  8804 | D:7      | Noticed Crazy Yiuf
  8810 | D:7      | Killed Crazy Yiuf
  9275 | D:7      | Reached XP level 9. HP: 51/51 MP: 23/25
  9907 | D:8      | Found Agatiaf's Gadget Emporium.
 10152 | D:8      | Reached skill level 9 in Long Blades
 10245 | D:8      | Noticed a two-headed ogre
 10251 | D:8      | Killed a two-headed ogre
 10469 | D:8      | Learned a level 4 spell: Iskenderun's Mystic Blast
 10559 | D:9      | Found a white marble altar of Elyvilon.
 10800 | D:8      | Acquired Sif Muna's second power
 10800 | D:8      | Reached skill level 10 in Long Blades
 11037 | D:9      | Found a basalt altar of Yredelemnul.
 11038 | D:9      | Noticed a profane servitor
 11055 | D:9      | Found a glowing golden altar of the Shining One.
 11057 | D:9      | Noticed an angel
 11189 | D:9      | Reached XP level 10. HP: 36/56 MP: 20/29
 11226 | D:9      | Found a snail-covered altar of Cheibriados.
 11326 | D:9      | Gained mutation: You are surrounded by a mild repulsion field (EV +2). [potion of beneficial mutation]
 11436 | D:9      | Reached skill level 5 in Dodging
 11808 | D:10     | Entered Level 10 of the Dungeon
 11910 | D:10     | Found Yraf Unk's Food Boutique.
 11934 | D:10     | Found Liro's General Store.
 11935 | D:10     | Found Laynal's Antique Weapon Emporium.
 11981 | D:10     | Found Utoxeik's Armour Shoppe.
 12177 | D:10     | Found Shruidyeg's Food Emporium.
 12361 | D:10     | Bought a +1 buckler of protection for 231 gold pieces
 12439 | D:11     | Noticed a cyclops
 12582 | D:11     | Noticed a hill giant
 12607 | D:11     | Killed a hill giant
 13317 | D:11     | Found a staircase to the Lair.
 13326 | D:11     | Noticed Urug
 13460 | Lair:1   | Entered Level 1 of the Lair of Beasts
 13472 | Lair:1   | Noticed a six-headed hydra
 14377 | Lair:1   | Reached skill level 10 in Spellcasting
 14916 | Lair:2   | Noticed an eight-headed hydra
 14929 | Lair:2   | Killed an eight-headed hydra
 14967 | Lair:2   | Noticed a black mamba
 15240 | Lair:2   | Reached XP level 11. HP: 26/61 MP: 19/31
 15455 | Lair:2   | Killed a black mamba
 15711 | Lair:2   | Reached skill level 11 in Long Blades
 16029 | Lair:2   | Noticed a black mamba
 16202 | Lair:2   | Killed a black mamba
 16791 | Lair:2   | Reached skill level 10 in Dodging
 16955 | Lair:2   | Reached skill level 12 in Long Blades
 16955 | Lair:2   | Reached skill level 1 in Shields
 17160 | Lair:3   | Found a staircase to the Snake Pit.
 17389 | Lair:3   | Noticed a seven-headed hydra
 17431 | Lair:3   | Slain by a seven-headed hydra

Action                   |  1- 3 |  4- 6 |  7- 9 | 10-12 || total
-------------------------+-------+-------+-------+-------++-------
Melee: Short sword       |     2 |       |       |       ||     2
       Falchion          |       |       |    10 |       ||    10
       Scimitar          |       |       |    65 |   148 ||   213
 Fire: Blowgun           |       |       |    64 |    82 ||   146
Throw: Stone             |     4 |       |     2 |       ||     6
 Cast: Magic Dart        |   120 |   161 |   427 |   221 ||   929
       Blink             |       |     7 |    11 |    19 ||    37
       Mephitic Cloud    |       |     2 |    28 |    36 ||    66
       Iskenderun's Myst |       |       |     4 |    58 ||    62
       Call Imp          |       |       |     3 |    13 ||    16
Evoke: Wand              |       |     1 |       |     3 ||     4
  Use: Scroll            |       |     3 |    13 |     6 ||    22
       Potion            |       |       |       |     1 ||     1
 Stab: Confused          |       |       |     5 |    17 ||    22
       Distracted        |       |       |       |     1 ||     1
